 Dungeon Crawl Stone Soup version 0.29.0-4-gdea44cf6ec (webtiles) character file.

Game seed: 1669995957239134845

90 qw the Ruffian (level 4, -3/35 HPs)
             Began as a Ghoul Fire Elementalist on Aug 29, 2022.
             Slain by an orc wizard
             ... wielding a +0 dagger
              (4 damage)
             ... on level 3 of the Dungeon.
             The game lasted 00:01:10 (1798 turns).

qw the Ruffian (Ghoul Fire Elementalist)            Turns: 1798, Time: 00:01:11

Health: -3/35      AC:  8    Str: 13    XL:     4   Next: 56%
Magic:  5/5        EV:  5    Int: 10    God:
Gold:   98         SH:  0    Dex:  9    Spells: 5/6 levels left

rFire   . . .      SeeInvis .     - Unarmed
rCold   + . .      Faith    .   (no shield)
rNeg    + + +      Spirit   .   d - +0 chain mail
rPois   inf        Reflect  .   (no helmet)
rElec   .          Harm     .   (no cloak)
rCorr   .          Rampage  .   (no gloves)
Will    .....                   (no boots)
Stlth   ..........              (no amulet)
HPRegen 0.00/turn               (no ring)
MPRegen 0.09/turn               (no ring)

@: inhibited regen
A: claws 1, cold resistance 1, negative energy resistance 3, inhibited
regeneration, torment resistance 2, devour on kill
a: no special abilities


You were on level 3 of the Dungeon.
You visited 1 branch of the dungeon, and saw 3 of its levels.

You collected 98 gold pieces.


Innate Abilities, Weirdness & Mutations

You are immune to poison.
You have sharp fingernails.
Your flesh is cold resistant. (rC+)
You are immune to negative energy. (rN+++)
You do not regenerate when monsters are visible.
You are immune to unholy pain and torment.
You thrive by killing the living.


   Skills:
 + Level 1.1 Fighting
 - Level 1.7 Dodging
 - Level 2.1 Stealth
 - Level 4.1 Unarmed Combat
 - Level 1.7 Spellcasting
 - Level 0.7 Conjurations
 - Level 2.4 Fire Magic


You had 5 spell levels left.
You knew the following spells:

 Your Spells              Type           Power      Damage    Failure   Level
a - Foxfire               Conj/Fire      16%        2x1d4     99%         1

Your spell library contained the following spells:

 Spells                   Type           Power      Damage    Failure   Level
 Scorch                   Fire           10%        2d6       100%        2
 Conjure Flame            Conj/Fire      4%         6-21      100%        3
 Inner Flame              Hex/Fire       3%         N/A       100%        3
 Flame Wave               Conj/Fire      4%         2d5       100%        4

Inventory:

Missiles
 c - 6 javelins (quivered)
Armour
 d - a +0 chain mail (worn)
Potions
 b - a potion of mutation {unknown}
 e - a potion of might
 f - a potion of lignification {unknown}
 h - a potion of heal wounds {unknown}
 i - a potion of invisibility {unknown}

Dungeon Overview and Level Annotations

Branches:
Dungeon (3/15)

Altars:
Kikubaaqudgha


Message History

The adder hisses angrily.
The orc priest completely misses you.
You scratch the orc priest.
The orc priest is heavily wounded.
The orc priest hits you but does no damage.
A hobgoblin comes into view.
You barely miss the orc priest.
The orc priest is heavily wounded.
The orc priest hits you but does no damage.
You scratch the orc priest.
The orc priest is severely wounded.
The orc priest mumbles some strange prayers to Beogh against you.
Beogh smites you!
You barely miss the orc priest.
The orc priest is severely wounded.
The orc priest hits you with a +0 short sword.
You claw the orc priest!
You kill the orc priest!
Your Unarmed Combat skill increases to level 4!
You scratch the orc. You claw the orc.
You kill the orc!
You feel better. Something hits you.
Things that are here:
a +0 club; a +0 short sword You closely miss something.
Something hits you.
The orc wizard gestures wildly while chanting.
The orc wizard flickers and vanishes!
You miss something. You barely miss something.
You hear some strange, mumbled words.
Something tries to affect you, but you resist.
You barely miss something. Something hits you but does no damage.
You scratch something. Something hits you but does no damage.
You scratch something but do no damage. Something hits you.
You die...

#.......##.#
#.......# .#
#.......# .#
#.......#
#.......#
#.......#
#.####'##
... #.# ##
#@# #{# #S#


S{o #.g .... #### You could see an adder, an orc, a hobgoblin and a ball python.

Vanquished Creatures
  An orc priest (D:3)
  A gnoll (D:1)
  A dart slug (D:2)
  An orc (D:3)
  3 endoplasms
  4 giant cockroaches (D:1)
  4 goblins
  A hobgoblin (D:1)
  9 jackals
  3 kobolds
  3 quokkas
  3 ball pythons
  4 bats
  A frilled lizard (D:1)
  3 rats
42 creatures vanquished.

Notes
Turn   | Place    | Note
-------+----------+-------------------------------------------
     0 | D:1      | qw the Ghoul Fire Elementalist began the quest for the Orb.
     0 | D:1      | Reached XP level 1. HP: 14/14 MP: 2/2
     0 | D:1      | 0 ||| qw: Version: 0.1-a-90-g952f4b7
     0 | D:1      | 0 ||| qw: Game counter: 3739
     0 | D:1      | 0 ||| qw: Always use a shield: true
     0 | D:1      | 0 ||| qw: God list: Okawaru
     0 | D:1      | 0 ||| qw: Allow faded altars: false
     0 | D:1      | 0 ||| qw: Do Orc after D:15 true
     0 | D:1      | 0 ||| qw: Do second Lair branch before Depths: true
     0 | D:1      | 0 ||| qw: Lair rune preference: random
     0 | D:1      | 0 ||| qw: Plans: Normal
     0 | D:1      | 0 ||| PLANNING D:1-11
    66 | D:1      | Reached skill level 2 in Unarmed Combat
    66 | D:1      | Reached XP level 2. HP: 20/20 MP: 3/3
   191 | D:1      | Reached skill level 1 in Fighting
   255 | D:1      | 255 ||| Stepping ~*~*~tactically~*~*~ (stealth).
   256 | D:1      | 256 ||| Stepping ~*~*~tactically~*~*~ (stealth).
   263 | D:1      | Reached XP level 3. HP: 28/28 MP: 4/4
   302 | D:1      | Found a faded altar of an unknown god.
  1043 | D:1      | 1043 ||| UPGRADING to +0 chain mail.
  1053 | D:1      | 1053 ||| DROPPING +0 robe.
  1054 | D:1      | 1054 ||| READING scroll labelled NIJUMP XENI.
  1059 | D:1      | 1059 ||| DRINKING 2 grey potions.
  1060 | D:1      | 1060 ||| DRINKING 2 amethyst potions.
  1161 | D:1      | 1161 ||| DROPPING potion of magic.
  1162 | D:1      | 1162 ||| DROPPING potion of ambrosia.
  1229 | D:2      | Reached skill level 3 in Unarmed Combat
  1274 | D:2      | 1274 ||| Stepping ~*~*~tactically~*~*~ (hiding).
  1275 | D:2      | 1275 ||| Stepping ~*~*~tactically~*~*~ (hiding).
  1289 | D:2      | 1289 ||| Stepping ~*~*~tactically~*~*~ (stealth).
  1290 | D:2      | 1290 ||| Stepping ~*~*~tactically~*~*~ (stealth).
  1294 | D:2      | 1294 ||| Stepping ~*~*~tactically~*~*~ (stealth).
  1383 | D:2      | 1383 ||| Stepping ~*~*~tactically~*~*~ (hiding).
  1402 | D:2      | 1402 ||| Stepping ~*~*~tactically~*~*~ (hiding).
  1404 | D:2      | 1404 ||| Stepping ~*~*~tactically~*~*~ (hiding).
  1405 | D:2      | 1405 ||| Stepping ~*~*~tactically~*~*~ (hiding).
  1564 | D:2      | Found an ancient bone altar of Kikubaaqudgha.
  1665 | D:2      | 1665 ||| READING scroll labelled SALUHU MUA.
  1666 | D:2      | 1666 ||| READING scroll labelled WAC KOGGECK.
  1667 | D:2      | 1667 ||| READING scroll labelled DOORUO OXEIGERIDGH.
  1727 | D:3      | 1727 ||| Stepping ~*~*~tactically~*~*~ (stealth).
  1737 | D:3      | Reached XP level 4. HP: 34/35 MP: 5/5
  1788 | D:3      | HP: 5/35 [orc priest/divine providence (14)]
  1789 | D:3      | HP: 1/35 [orc priest/+0 short sword (4)]
  1791 | D:3      | Reached skill level 4 in Unarmed Combat
  1798 | D:3      | Slain by an orc wizard

Levels and vault maps discovered:
D:1:      minmay_arrival_split_and_join, layout_loops_ring,
          ebering_ecumenical_altar_ruins, minmay_worlds_worst_comb
D:2:      layout_rooms, basic_altar
D:3:      layout_basic, zin_academy, kiku_gazebo_pond_becter, marbit_many_paths

Skill      XL: |  1  2  3  4 |
---------------+-------------+-----
Unarmed Combat | 2 3 4 |  4.1
Fighting       | 1 |  1.1
Dodging        | |  1.7
Stealth        | |  2.1
Spellcasting   | |  1.7
Conjurations   | |  0.7
Fire Magic     | |  2.4

Action                   |  1- 3 |  4- 6 || total
-------------------------+-------+-------++-------
Melee: Unarmed           |    69 |    19 ||    88
       Punch             |     1 |     1 ||     2
Throw: Javelin           |    37 |       ||    37
  Use: Scroll            |     4 |       ||     4
       Potion            |     2 |       ||     2
Armor: Robe              |    11 |       ||    11
       Chain mail        |    15 |     6 ||    21
Dodge: Dodged            |    36 |     2 ||    38

Table legend:
 A = Non-vault XP
 B = Vault XP
 C = Vault XP percentage of total XP
 D = Non-vault monster count
 E = Vault monster count
 F = Vault count percentage of total count
                 A         B        C        D         E       F
            +---------+---------+-------+---------+---------+-------
      Total |     125 |       4 |   3.1 |      40 |       2 |   4.8
            +---------+---------+-------+---------+---------+-------
        D:1 |      50 |       4 |   7.4 |      22 |       2 |   8.3
        D:2 |      27 |       0 |   0.0 |      14 |       0 |   0.0
        D:3 |      48 |       0 |   0.0 |       4 |       0 |   0.0
            +---------+---------+-------+---------+---------+-------
